[Event "Chess 2023"]
[Site "Chess.com"]
[Date "2023.05.31"]
[Round "3"]
[White "Tari, Aryan"]
[Black "Abdusattorov, Nodirbek"]
[Result "0-1"]
[WhiteElo "2642"]
[BlackElo "2731"]
[ECO "B51"]
[EventDate "2023.??.??"]
[Annotator "rafael"]
[PlyCount "92"]
[Beauty "7218497857114"]
[EventType "schev"]
[EventRounds "2"]
[EventCountry "NOR"]
[TimeControl "5400+30"]

1.e4 c5 2.Nf3 Nc6 3.Bb5 d6 {Abdusattorov has been playing this variation against the Rossolimo lately.} 4.O-O Bd7 5.Re1 Nf6 6.h3 $5 {[%c_effect h3;square;h3;type;Interesting;persistent;true] An interesting move to prevent Black's bishop from going to g4.} ( 6.c3 a6 7.Bf1 Bg4 {This is the main line.} ) 6...a6 7.Bf1 Rg8 {A bold and risky move that shows how far Abdusattorov is willing to go to play for a win with the black pieces. 7...e6, 7...g6, or 7...e5 are the normal development moves. Black, however, wants to play g5 and start an attack on the kingside.} ( 7...g6 8.c3 {Black has no good way to counter White's plan of controlling the center with d4.} ) ( 7...e5 8.c3 Be7 9.d4 {with a pawn structure that resembles the Ruy Lopez opening.} ) ( 7...e6 8.c3 Be7 9.d4 cxd4 10.cxd4 d5 11.e5 Ne4 12.Nbd2 {with a slight advantage for White.} ) ( 7...g5 {This has been tried by some very strong players. A recent example followed:} 8.d4 $1 g4 9.d5 gxf3 10.dxc6 Bxc6 11.Qxf3 {with an advantage for White in Carlsen-Nakamura, Airthing Masters 2023.} ) 8.d3 {Avoiding g5. This is a new move.} ( 8.d4 cxd4 9.Nxd4 g5 10.g3 {was played in Saydaliev-Asgari, Konya 2022.} ) 8...h6 {Preparing g5 again, not in the most subtle way.} 9.b4 $1 {[%c_effect b4;square;b4;type;GreatFind;persistent;true] The first choice of the computer.} ( 9.e5 $5 dxe5 10.Nbd2 {This is the human way of playing, with the idea of Nc4 and then capturing on e5.} ) 9...cxb4 ( 9...Nxb4 10.d4 $1 cxd4 11.c3 $1 dxc3 12.Nxc3 {White has excellent compensation for the sacrificed pawns with an advantage in development and a safer king.} ) 10.a3 $1 b3 $1 {[%c_effect b3;square;b3;type;GreatFind;persistent;true] Accurate play by both sides. Considering all these moves are recommended by the machine and that they didn't take long before making all these difficult decisions, it's possible that they were still in preparation.} 11.c4 $1 {[%c_effect c4;square;c4;type;GreatFind;persistent;true] Going for the center.} ( 11.cxb3 g5 $1 {[%c_effect g5;square;g5;type;GreatFind;persistent;true] with the desired counterplay.} ) 11...g5 $1 12.Qxb3 g4 13.hxg4 Nxg4 14.d4 {The position is very sharp, and it will become chaotic in the next moves.} 14...Qa5 $6 {[%c_effect a5;square;a5;type;Inaccuracy;persistent;true] I suppose Abdusattorov's plan was to bring the queen to h5 and then deliver checkmate somehow, but it doesn't work.} ( 14...e5 $1 {[%c_effect e5;square;e5;type;GreatFind;persistent;true] is better:} 15.d5 Nd4 16.Nxd4 exd4 {with a sharp position that can go either way.} ) 15.Nc3 Bg7 ( 15...Qh5 $2 {[%c_effect h5;square;h5;type;Mistake;persistent;true] The attack is not as strong as it looks.} 16.Bf4 ( 16.Ne2 {is also good.} ) 16...e5 17.Bg3 {Everything is defended and Black's position will collapse.} ) 16.e5 $1 dxe5 ( 16...Nxd4 $5 {[%c_effect d4;square;d4;type;Interesting;persistent;true] While watching the game live, I thought Abdusattorov would try this move, whose consequences were not very clear to me. But everything became easier to understand with the click of a button.} 17.Nxd4 Bxe5 18.Rxe5 $1 {[%c_effect e5;square;e5;type;GreatFind;persistent;true] The only move.} 18...dxe5 ( 18...Qxe5 19.Nf3 {is also better for White.} ) 19.Nc2 {An unbalanced position that is better for White because Black's king is vulnerable.} ) 17.Bd2 $1 Qd8 ( 17...exd4 18.Nd5 Qd8 {Here, White has many moves to develop the initiative. My favorite is} 19.Bf4 ) 18.d5 Nd4 19.Nxd4 exd4 20.Ne4 Be5 $1 {[%c_effect e5;square;e5;type;GreatFind;persistent;true] A good try.} 21.f4 Bh8 {At least now the knight is secure on g4, and White can't place a bishop on f4. The computer is very optimistic about White's position, but in practice, things are not so clear.} 22.c5 $6 ( 22.Nd6+ $2 {[%c_effect d6;square;d6;type;Mistake;persistent;true] is bad:} 22...Kf8 23.Nxb7 Qc8 24.c5 d3 $1 {[%c_effect d3;square;d3;type;GreatFind;persistent;true] The bishop enters the game with decisive effect. This is going to be a recurring theme in the next moves.} ) ( 22.Qxb7 $6 {[%c_effect b7;square;b7;type;Inaccuracy;persistent;true] is too optimistic.} 22...d3 ) ( 22.Rab1 $1 {[%c_effect b1;square;b1;type;GreatFind;persistent;true] is the best move, getting the rook into the game.} 22...Kf8 23.Be2 {Another good prophylactic move, preparing to exchange the dangerous knight. White is better.} ) 22...Kf8 23.Rac1 $6 ( 23.Rab1 {The rook is better placed on b1, as becomes clear in the following line:} 23...d3 $6 24.Qxd3 Bb5 25.Rxb5 $1 axb5 26.Bb4 {With monster compensation for the exchange.} ) 23...d3 $1 {[%c_effect d3;square;d3;type;GreatFind;persistent;true] Now this move is good.} 24.Bc3 ( 24.Qxd3 Bb5 $1 ) 24...e6 $2 {[%c_effect e6;square;e6;type;Mistake;persistent;true] It's nearly impossible to play well in such an irrational position.} ( 24...f5 $1 {[%c_effect f5;square;f5;type;GreatFind;persistent;true] is a good try. Play can continue:} 25.Nd2 Qc7 $1 26.Bxh8 Qxf4 $1 27.Nf3 d2 $1 28.Bb2 dxc1=Q 29.Bxc1 Qc7 {with great complications, but at least Black is up an exchange and a pawn.} ) 25.c6 $1 Bxc3 26.Qxc3 Qh4 $2 {[%c_effect h4;square;h4;type;Mistake;persistent;true] This is a blunder.} ( 26...bxc6 {is necessary, although Black has to play a sad and probably losing endgame after} 27.dxc6 Qb6+ 28.Qc5+ Qxc5+ 29.Rxc5 Bc8 30.Bxd3 Ke7 ) 27.Qc5+ $2 {[%c_effect c5;square;c5;type;Mistake;persistent;true] Another blunder in return.} ( 27.Qb4+ {wins with a nice geometric motif:} 27...Kg7 28.Qb2+ $1 Kh7 29.g3 {The queen protects the h2-square and it's all over.} ) 27...Kg7 28.Bxd3 Qh2+ 29.Kf1 Qxf4+ 30.Ke2 exd5 31.Rf1 $2 {[%c_effect f1;square;f1;type;Mistake;persistent;true] After this, White is losing. It was still possible to defend with} ( 31.Qd4+ $1 {[%c_effect d4;square;d4;type;GreatFind;persistent;true] For instance:} 31...Ne5 32.cxd7 dxe4 33.Qxe4 {with good drawing chances.} ) 31...Qe5 32.cxd7 Rad8 $19 33.Qc3 dxe4 34.Bxe4 Rxd7 {Black is two pawns up, and surely Tari knew that he missed good chances in the game. He went down without a fight.} 35.Rf4 Qxc3 36.Rxc3 Ne5 37.Rg3+ Ng6 38.Rfg4 Re8 39.Kf2 Re6 40.Bd3 a5 41.a4 b6 {I have the impression that Abdusattorov's endgame technique is excellent. I can recall several games he won with impeccable play, most notably the queen endgame against Carlsen in the Tata Steel tournament this year.} 42.Kg1 Rd5 43.Bc4 Rd1+ 44.Kh2 Ree1 45.Rf3 h5 $1 46.Rg5 h4 ( 46...h4 {A sudden mating attack decides the game.} 47.Kh3 Rh1+ 48.Kg4 Rd4+ {Bye bye, bishop.} ) 0-1

[Event "E Women's Grand Prix | Fourth Leg 2022/23"]
[Site "Chess.com"]
[Date "2023.05.15"]
[Round "1"]
[White "Wagner, Dinara"]
[Black "Goryachkina, Aleksandra"]
[Result "1-0"]
[WhiteElo "2417"]
[BlackElo "2571"]
[ECO "E04"]
[EventDate "2023.??.??"]
[Annotator "rafael"]
[PlyCount "161"]
[Beauty "5295178781219"]
[EventType "swiss"]
[EventRounds "11"]
[EventCountry "FID"]
[TimeControl "5400+30"]

1.d4 Nf6 2.c4 e6 3.Nf3 d5 4.g3 dxc4 5.Bg2 a6 {This is one of the most aggressive options against the ultra-solid Catalan Opening. Black intends to protect the c4-pawn with b7-b5.} 6.O-O Nc6 7.Nc3 Rb8 8.e4 Be7 9.d5 {It's clear that both players are well prepared with the latest developments of this opening line since all these moves were played very quickly.} ( 9.Qe2 {is also popular.} ) 9...exd5 10.exd5 Nb4 11.Ne5 Bf5 ( 11...O-O {is also possible, although White regains the pawn and gets a more comfortable position due to his space advantage after} 12.a3 Nd3 13.Nxd3 cxd3 14.Qxd3 ) 12.Nxc4 $1 {[%c_effect c4;square;c4;type;GreatFind;persistent;true] The most accurate move order.} ( 12.a3 {This is also popular, but it gives Black an extra option.} 12...Nd3 13.Nxc4 Nxc1 ( 13...O-O {transposes to the game.} ) 14.Rxc1 O-O {With a balanced position. There are many games played in this position.} ) 12...O-O $1 {[%c_effect g8;square;g8;type;GreatFind;persistent;true] Black must resist the temptation to gain material.} ( 12...Bd3 $6 13.b3 Bxf1 14.Kxf1 {The knight on b4 is misplaced and White gets excellent compensation for the exchange after} 14...a5 15.a3 Na6 16.Nxa5 ) 13.a3 Nd3 14.Be3 Qd7 15.b4 Rfe8 {This is a popular position in correspondence chess.} 16.h3 $5 ( 16.Ra2 {is the most popular move, with the idea of bringing the rook to the game.} ) 16...b5 {The first new move, and it's safe to say that both players are out of book by now. The move works, but it demands accurate play, and it's not the best practical choice.} ( 16...c5 $5 {[%c_effect c5;square;c5;type;Interesting;persistent;true] Is a strange move that was played in a correspondence game. After} 17.g4 ( 17.dxc6 bxc6 {with an unclear position.} ) 17...Bg6 18.f4 b5 19.Ne5 Nxe5 20.fxe5 cxb4 21.axb4 Bxb4 {a chaotic position arises where Black's chances are not worse. Sukhachev-Kolpak, ICC email 2010.} ) ( 16...h5 {is natural, avoiding g4.} 17.Ra2 Bd6 18.Bd4 Ne5 19.Nxd6 cxd6 20.Kh2 {with a balanced position in Pranav-Prraneeth, Budapest 2022.} ) 17.Na5 Bd6 $6 ( 17...Nb2 $1 {[%c_effect b2;square;b2;type;GreatFind;persistent;true] is the only way to justify Black's previous move.} 18.Qe2 Nc4 {Now White has two options, but Black has good counterplay in both cases.} 19.Nxc4 ( 19.Nc6 Rbc8 20.g4 Bg6 21.g5 Nh5 22.Qg4 f5 23.gxf6 Nxf6 24.Qxd7 Nxd7 {with an equal position.} ) 19...bxc4 20.Qxc4 Bxh3 {with chances for both sides.} ) 18.Bd4 Nb2 19.Qb3 Na4 20.Nc6 {Now White has a clear advantage. The knight on c6 is a monster.} 20...Ra8 21.Nxa4 ( 21.Bxf6 $1 {[%c_effect f6;square;f6;type;GreatFind;persistent;true] is better. White has a clear positional advantage after} 21...gxf6 22.Kh2 ) 21...bxa4 22.Qb2 ( 22.Qxa4 Bxh3 23.Bxf6 gxf6 {Black has good counterplay.} ) 22...Bf8 $2 ( 22...Bxh3 $1 {[%c_effect h3;square;h3;type;GreatFind;persistent;true] This move works due to a fantastic tactical resource.} 23.Bxf6 ( 23.Bxh3 Qxh3 24.Bxf6 gxf6 25.Qxf6 Re4 {The position remains difficult to evaluate, but the computer thinks Black is ok.} ) 23...Bxg2 24.Kxg2 Qf5 $3 {[%c_effect f5;square;f5;type;Brilliant;persistent;true] This is the point $1 A move that is easy to miss. Black attacks the bishop and the d5-pawn.} ( 24...gxf6 25.Qxf6 ) 25.Bxg7 ( 25.Rad1 gxf6 {with equal play.} ) 25...Qxd5+ 26.Kg1 Qxc6 27.Bh8 Bf8 {Everything is defended, and Black has good chances of equalizing.} ) 23.Bxf6 gxf6 24.Kh2 ( 24.Qxf6 $5 {[%c_effect f6;square;f6;type;Interesting;persistent;true] is an interesting positional exchange sacrifice.} 24...Bg7 25.Qh4 Bxa1 26.Rxa1 {With excellent compensation due to the dark squares and the many weaknesses in Black's position.} ) 24...Bg7 25.Rad1 Bg6 26.Qa2 {It's not clear to me whether this is the best square for the queen, but it probably doesn't make much of a difference.} ( 26.Qd2 ) 26...Qd6 27.Rfe1 Bh5 28.Rb1 Bg6 29.Rbd1 Bh5 30.Rc1 Bh6 31.f4 $2 {[%c_effect f4;square;f4;type;Mistake;persistent;true] This is a tactical mistake.} ( 31.Ra1 $1 {[%c_effect a1;square;a1;type;GreatFind;persistent;true] is the best, hiding the rook from further persecution and maintaining all the trumps of the position.} ) 31...Bg6 $2 ( 31...Bxf4 $3 {[%c_effect f4;square;f4;type;Brilliant;persistent;true] is a brilliant tactical stroke.} 32.gxf4 Qxf4+ 33.Kh1 Re2 $3 {[%c_effect e2;square;e2;type;Brilliant;persistent;true] This is the idea. White must be careful not to end up worse.} 34.Rxe2 ( 34.Qxe2 {The computer suggests the queen sacrifice, with an unclear position after} 34...Bxe2 35.d6 ) 34...Qxc1+ 35.Kh2 Qf4+ 36.Kg1 {Black can decide whether to accept a draw with perpetual check or to play for a win after 36...Bxe2.} ) 32.Qc4 {White is much better again.} 32...Bf8 33.Bf3 Bf5 34.Nd4 Rxe1 35.Rxe1 Bd7 36.Nc6 Kg7 37.h4 Kg8 38.Kg2 Kg7 39.Qc2 {The a4-pawn is doomed.} 39...Re8 40.Rxe8 Bxe8 41.Qxa4 Bxc6 {An important moment.} 42.dxc6 $2 ( 42.Qxc6 $1 {[%c_effect c6;square;c6;type;GreatFind;persistent;true] is the right move. Opposite-colored bishop endgames are difficult to evaluate sometimes: is White able to win, or can Black set up a fortress $2 It seems to me that the position is winning, and the main line is very instructive.} 42...Qxc6 43.dxc6 f5 44.Be2 a5 45.bxa5 Kf6 ( 45...Bxa3 46.Bd3 $1 {[%c_effect d3;square;d3;type;GreatFind;persistent;true] White is in time to create another passed pawn after} 46...Kf6 47.a6 Bc5 48.g4 $1 fxg4 49.Bxh7 {with an easy win.} ) 46.Ba6 $1 Bxa3 47.Bc8 Bc5 {At first sight, it looks like Black has a fortress, but this is an illusion.} 48.Kf3 Ba7 49.Ke2 Bc5 50.Kd3 Bf2 51.a6 Ba7 52.Kc4 Bb6 53.Kd5 Ba7 54.Bd7 Bb6 55.Be8 $1 Ba7 56.Bxf7 $1 {[%c_effect f7;square;f7;type;GreatFind;persistent;true] The winning plan.} 56...Kxf7 57.Ke5 {and White breaks through.} ) 42...Qd2+ 43.Kh3 Qd3 44.Bg2 ( 44.Qd1 $1 {[%c_effect d1;square;d1;type;GreatFind;persistent;true] is a better attempt.} ) 44...Bd6 45.Kh2 f5 46.Qa5 Kf6 47.a4 h6 ( 47...Qc4 {leads to a draw after some computer precision:} 48.b5 Bxf4 $1 49.gxf4 ( 49.bxa6 Bd6 {with counterplay, since 50...Qxh4 is threatened.} ) 49...Qxf4+ 50.Kg1 Qd4+ 51.Kf1 Qc4+ {and apparently Black escapes with a draw.} ) 48.b5 axb5 49.axb5 Bc5 50.Qe1 Kg6 51.Qe8 Bf2 ( 51...Qd1 {is enough for a draw.} ) 52.Qg8+ Kf6 53.Qh8+ Ke7 ( 53...Kg6 $2 54.h5+ $1 Kxh5 55.Qg7 {wins.} ) 54.Qe5+ Kf8 55.Qh8+ Ke7 56.Qg7 h5 ( 56...Qd6 $1 {[%c_effect d6;square;d6;type;GreatFind;persistent;true] is safer.} ) 57.Qe5+ Kf8 58.Qh8+ Ke7 59.Qg7 Ke8 ( 59...Qxb5 60.Qg5+ Ke6 61.Qxh5 {This looks totally lost for Black, but the computer always finds some way to defend.} 61...Qd3 62.Qh6+ Ke7 63.Qg5+ Ke6 64.h5 Qe2 $1 {[%c_effect e2;square;e2;type;GreatFind;persistent;true] The only defense $1} 65.h6 Qg4 $1 {[%c_effect g4;square;g4;type;GreatFind;persistent;true] After the queen exchange, the bishop comes to d4, and Black is saved.} ) 60.Qe5+ Kf8 61.Qh8+ Ke7 62.Qg7 Ke8 63.Qg5 Kf8 64.b6 $1 {[%c_effect b6;square;b6;type;GreatFind;persistent;true] A nice winning try.} 64...Bxb6 $6 ( 64...Qd1 $1 {[%c_effect d1;square;d1;type;GreatFind;persistent;true] is the most accurate.} 65.Qxf5 ( 65.bxc7 Bg1+ 66.Kh1 {with a draw.} ( 66.Kh3 $4 Qg4+ 67.Qxg4 fxg4# {is embarassing.} ) ) 65...Bxb6 {Black's defensive task is easier because White has no passed pawn.} ) 65.Qxh5 Kg7 $2 {[%c_effect g7;square;g7;type;Mistake;persistent;true] The final mistake.} ( 65...Bf2 $1 {[%c_effect f2;square;f2;type;GreatFind;persistent;true] It's still possible to save the game with precise maneuvering.} 66.Qg5 Bc5 $1 {[%c_effect c5;square;c5;type;GreatFind;persistent;true] The only move. The idea is clear after} 67.h5 {Not the best attempt.} 67...Be7 $1 68.Qh6+ Kg8 {White's queen has nowhere to go, but Black also has no plan. A curious positional draw.} ) 66.Qg5+ Kh7 67.Qh5+ Kg7 68.Qg5+ Kh7 69.Qf6 Kg8 70.h5 {The h-pawn marches, and the game is over.} 70...Bc5 71.h6 Bd4 72.Qd8+ Kh7 73.Qxc7 Kxh6 74.Qxf7 Bg1+ $5 75.Kh3 ( 75.Kxg1 $4 {[%c_effect g1;square;g1;type;Blunder;persistent;true] It's never too late to make a mistake.} 75...Qf1+ 76.Kxf1 {Stalemate.} ) 75...Bf2 76.Qg8 Qc2 77.Qg5+ Kh7 78.Qe7+ Kh6 79.c7 Qc3 80.Qg5+ Kh7 81.Qxf5+ 1-0